 Dungeon Crawl Stone Soup version 0.31-a0-1620-gcbf77bbcfc (webtiles) character file.

Game seed: 12378629596721169541

423 Aldia the Trooper (level 6, -4/67 HPs)
             Began as an Oni Cinder Acolyte on Jan 12, 2024.
             Was an Elder of Ignis.
             Splashed by a jelly's acid (9 damage)
             ... on level 4 of the Dungeon.
             The game lasted 00:05:51 (3023 turns).

Aldia the Trooper (Oni Cinder Acolyte)              Turns: 3023, Time: 00:05:51

Health: -4/67      AC: -13   Str: 21    XL:     6   Next: 95%
Magic:  9/9        EV:  9    Int: 15    God:    Ignis [****..]
Gold:   97         SH:  0    Dex:  4    Spells: 6/9 levels left

rFire   + . .        a - -1 mace (flame)
rCold   . . .        i - orb {light}
rNeg    . . .        b - +0 robe
rPois   .            (helmet restricted)
rElec   .            (no cloak)
rCorr   .            (gloves unavailable)
SInv    .            (boots unavailable)
Will    .....        (no amulet)
Stlth   +            (no ring)
HPRegen 0.31/turn    (no ring)
MPRegen 0.11/turn

%: no passive effects
@: corroded, glowing
A: large, unfitting armour, horns 1, tough skin 1, double potion healing,
drunken brawling
a: Renounce Religion, Fiery Armour, Foxfire Swarm, Rising Flame


You were on level 4 of the Dungeon.
You worshipped Ignis.
Ignis was greatly pleased with you.
You visited 1 branch of the dungeon, and saw 4 of its levels.

You collected 97 gold pieces.

Inventory:

Hand Weapons
 a - a -1 mace of flaming (weapon)
Armour
 b - a +0 robe (worn)
 i - an orb of light (worn)
Scrolls
 d - a scroll of torment {unknown}
 e - 3 scrolls of fear
 f - a scroll of teleportation {unknown}
 g - 2 scrolls of poison
 j - a scroll of blinking {unknown}
 k - a scroll of revelation {unknown}


   Skills:
 + Level 6.1 Fighting
 * Level 5.8 Maces & Flails
 - Level 2.0 Spellcasting
 + Level 3.7 Fire Magic


You had 6 spell levels left.
You knew the following spells:

 Your Spells              Type           Power      Damage    Failure   Level
a - Scorch                Fire           24%        2d6       8%          2
b - Apportation           Tloc           2%         N/A       22%         1

Your spell library contained the following spells:

 Spells                   Type           Power      Damage    Failure   Level
 Necrotise                Necr           4%         1d4       22%         1
 Sting                    Conj/Alch      4%         1d3       22%         1
 Summon Small Mammal      Summ           4%         N/A       22%         1
 Lesser Beckoning         Tloc           2%         N/A       32%         2
 Gell's Gravitas          Tloc           1%         N/A       54%         3
 Hailstorm                Conj/Ice       1%         3d5       54%         3
 Summon Ice Beast         Ice/Summ       1%         N/A       54%         3
 Teleport Other           Tloc           1%         N/A       54%         3
 Sculpt Simulacrum        Ice/Alch       0%         N/A       100%        6


Dungeon Overview and Level Annotations

Branches:
Dungeon (4/15)
 Temple: D:4-7

Altars:


Innate Abilities, Weirdness & Mutations

You are too large for most types of armour.
You have a pair of small horns on your head.
You have tough skin. (AC +1)
You gain doubled healing and magic from potions.
Whenever you drink a healing potion, you attack all around you.


Message History

Magic restored.
Your fiery armour burns out.
HP restored.
Things that are here:
a +0 whip; an orc corpse A jelly comes into view.
The jelly quivers.
You hit the jelly. You burn the jelly.
Your hands burn!
The jelly is lightly wounded.
The jelly closely misses you.
You hit the jelly but do no damage. The acid corrodes you!
Your hands burn!
You headbutt the jelly, but do no damage.
The jelly is lightly wounded.
The jelly hits you.
You are splashed with acid!
You hit the jelly. You burn the jelly.
Your hands burn!
The jelly is moderately wounded.
The jelly closely misses you.
You hit the jelly. You burn the jelly.
Your hands burn!
The jelly is severely wounded.
The jelly hits you. The acid corrodes you!
You are splashed with acid!
You are too injured to fight recklessly!
You are too injured to fight recklessly!
You are too injured to fight recklessly!
You hit the jelly but do no damage.
Your hands burn!
The jelly is severely wounded.
The jelly hits you.
You are splashed with acid!
* * * LOW HITPOINT WARNING * * *
You hit the jelly but do no damage.
Your hands burn!
* * * LOW HITPOINT WARNING * * *
The jelly is severely wounded.
The jelly barely misses you. The jelly hits you.
* * * LOW HITPOINT WARNING * * *
The acid corrodes you!
You are splashed with acid.
* * * LOW HITPOINT WARNING * * *
Activating: Foxfire Swarm
Press: ? - help, Dir - look around, f - activate Flames leap up around you!
The jelly hits you.
* * * LOW HITPOINT WARNING * * *
The acid corrodes you!
You are splashed with acid!
You die...

....#.)).>..###
....#..####....
......## ###
.....##
.....########
####........######
########....vv##
######vv####
#v@vv..#
#vvJvv.....
...vvvvv....#
###...........
#..........#
#..........#
#..........#
##........##


You could see a jelly (ally target).

Vanquished Creatures
  A scorpion (D:4)
  An orc priest (D:4)
  Jessica (D:3)
  Natasha (thrice) (D:3)
  4 orc wizards (D:4)
  5 adders
  2 dart slugs
  3 ribbon worms
  4 orcs
  3 bats
  9 endoplasms
  2 giant cockroaches
  6 goblins
  5 hobgoblins
  5 jackals
  11 kobolds
  4 quokkas
  3 ball pythons
  5 frilled lizards
  4 rats
81 creatures vanquished.

Vanquished Creatures (others)
  10 foxfires (D:4)
10 creatures vanquished.

Grand Total: 91 creatures vanquished

Notes
Turn   | Place    | Note
-------+----------+-------------------------------------------
     0 | D:1      | Aldia the Oni Cinder Acolyte began the quest for the Orb.
     0 | D:1      | Reached XP level 1. HP: 24/24 MP: 2/2
   189 | D:1      | Reached XP level 2. HP: 32/32 MP: 3/3
   192 | D:1      | Learned a level 2 spell: Scorch
   450 | D:1      | Reached XP level 3. HP: 28/40 MP: 4/4
  1518 | D:2      | Reached XP level 4. HP: 28/49 MP: 5/5
  1981 | D:3      | Reached skill level 5 in Fighting
  2127 | D:3      | Noticed Natasha
  2131 | D:3      | Killed Natasha
  2132 | D:3      | Reached XP level 5. HP: 40/57 MP: 6/8
  2249 | D:3      | Learned a level 1 spell: Apportation
  2330 | D:3      | Noticed Jessica
  2339 | D:3      | Killed Jessica
  2452 | D:3      | Noticed Natasha
  2455 | D:3      | Killed Natasha
  2456 | D:3      | Reached skill level 5 in Maces & Flails
  2696 | D:3      | Noticed Natasha
  2705 | D:3      | Killed Natasha
  2706 | D:3      | Reached XP level 6. HP: 35/66 MP: 9/9
  2853 | D:4      | Reached skill level 6 in Fighting
  3023 | D:4      | Splashed by a jelly's acid

Illustrated notes

Levels and vault maps discovered:
D:1:      dpeg_arrival_signposts, layout_loops_ring
D:2:      layout_loops_ring, serial_forest, infiniplex_forest_lined_ring,
          infiniplex_forest_zigzag_1, infiniplex_forest_straight_3,
          infiniplex_forest_lined_room_2, infiniplex_forest_corner_1,
          dk_noncrumbling_4
D:3:      layout_loops_ring, uniq_jessica, uniq_natasha
D:4:      layout_rooms, nicolae_vehumet_radiance, serial_shops, shop

Skill      XL: |  1  2  3  4  5  6 |
---------------+-------------------+-----
Fire Magic     | 3 |  3.7
Maces & Flails | 4 5 |  5.8
Fighting       | 5 6 |  6.1
Spellcasting   | 2 |  2.0

Action                     |  1- 3 |  4- 6 || total
---------------------------+-------+-------++-------
  Melee: Mace              |    96 |   124 ||   220
         Headbutt          |    12 |     8 ||    20
         Punch             |       |     1 ||     1
   Cast: Scorch            |       |     4 ||     4
 Invoke: Foxfire Swarm     |       |     2 ||     2
         Fiery Armour      |       |     1 ||     1
    Use: Scroll            |       |     3 ||     3
         Potion            |       |     2 ||     2
 Armour: Robe              |    68 |    88 ||   156
         Skin              |       |    24 ||    24
  Dodge: Dodged            |    39 |    64 ||   103

Table legend: (Time is in decaauts)
 A = Elapsed time spent in this place.
 B = Non-inter-level travel time spent in this place.
 C = Inter-level travel time spent in this place.
 D = Time resting spent in this place.
 E = Time spent auto-exploring this place.
 F = Levels seen in this place.
 G = Mean time per level.
                   A        B        C        D        E       F      G
               +--------+--------+--------+--------+--------+-----+--------+
         Total |   3074 |   3017 |     57 |     22 |   2485 |   4 |  768.5 |
       Dungeon |   3074 |   3017 |     57 |     22 |   2485 |   4 |  768.5 |
               +--------+--------+--------+--------+--------+-----+--------+

Top non-repeatable levels by time:
     D:3: 1045 daAuts
     D:1: 926 daAuts
     D:2: 912 daAuts
     D:4: 189 daAuts
